 Dungeon Crawl Stone Soup version 0.22-a0-252-gcace5d2 (webtiles) character file.

311 sankara the Cudgeler (level 6, -9/37 HPs)
             Began as a Gargoyle Fighter on Mar 1, 2018.
             Mangled by an ogre
             ... wielding a +0 giant spiked club
              (18 damage)
             ... on level 4 of the Dungeon.
             The game lasted 00:08:06 (3056 turns).

sankara the Cudgeler (Gargoyle Fighter)             Turns: 3056, Time: 00:08:07

Health: -9/37      AC: 11    Str: 20    XL:     6   Next: 42%
Magic:  6/6        EV:  7    Int: 12    God:
Gold:   217        SH:  9    Dex:  9    Spells: 5/5 levels left

rFire    . . .     SeeInvis +   a - +0 whip
rCold    . . .     Gourm    .   c - +0 shield
rNeg     + . .     Faith    .   s - +0 scale mail
rPois    ∞         Spirit   .   (no helmet)
rElec    +         Reflect  .   n - scarf {cloud immunity}
rCorr    .         Harm     .   (no gloves)
MR       .....                  (no boots)
Stlth    ..........             (no amulet)
HPRegen  0.12/turn              j - ring of see invisible {sInv, !d}
MPRegen  0.10/turn              A - +2 ring of intelligence

@: no status effects
A: negative energy resistance 1, electricity resistance, unbreathing,
petrification resistance, rot immunity, AC +4
a: no special abilities


You were on level 4 of the Dungeon.
You were not hungry.

You visited 1 branch of the dungeon, and saw 4 of its levels.

You collected 217 gold pieces.

Inventory:

Hand Weapons
 a - a +0 whip (weapon)
   (You found it on level 1 of the Dungeon)
 b - a +0 hunting sling
   (You found it on level 3 of the Dungeon)
 r - a +0 blowgun
   (You took it off a kobold on level 3 of the Dungeon)
Missiles
 m - 14 stones (quivered)
 p - 19 sling bullets
Armour
 c - a +0 shield (worn)
 n - a scarf of cloud immunity (worn)
   (You found it on level 2 of the Dungeon)
 q - a +0 pair of gloves
   (You found it on level 2 of the Dungeon)
 s - a +0 scale mail (worn)
 z - a +0 helmet
   (You took it off Robin on level 3 of the Dungeon)
Jewellery
 j - a ring of see invisible (left hand) {sInv, !d}
   (You found it on level 2 of the Dungeon)
 A - a +2 ring of intelligence (right hand)
   (You found it on level 3 of the Dungeon)
Scrolls
 o - 2 scrolls of identify
 t - a scroll of magic mapping {unknown}
 y - a scroll of blinking {unknown}
Potions
 d - 2 potions of might
 e - 2 potions of lignification {unknown}
 g - 2 potions of degeneration {unknown}
 h - a potion of berserk rage {unknown}
 i - a potion of ambrosia {unknown}
 k - a potion of curing {unknown}
 l - 4 potions of heal wounds
 u - a potion of flight {unknown}
 v - 2 potions of cancellation {unknown}
 w - a potion of brilliance {unknown}
 x - a potion of resistance {unknown}
Comestibles
 f - 5 rations
 B - 12 chunks of flesh {@w0}


   Skills:
 - Level 3.2 Fighting
 + Level 6.6 Maces & Flails
 - Level 3.2 Armour
 - Level 3.2 Shields


You had 5 spell levels left.
You didn't know any spells.

Dungeon Overview and Level Annotations

Branches:
Dungeon (4/15)
 Temple: D:4-7

Altars:


Innate Abilities, Weirdness & Mutations

You are resistant to torment.
Your stone body is resilient. (AC +4)
You are immune to poison.
You resist negative energy. (rN+)
You are resistant to electric shocks. (rElec)
You can survive without breathing.
You are immune to petrification.
You are immune to rotting.


Message History

a hand axe; an orc corpse You butcher the orc corpse.
B - 13 chunks of flesh {@w0} (gained 4)
You see here a hand axe.
m - 17 stones (gained 1)
m - 18 stones (gained 1) Some of the chunks of flesh in your inventory have rotted away.
You now have 217 gold pieces (gained 12).
An adder comes into view.
The adder hisses angrily.
Firing (i - inventory. (/) - cycle)
m - 18 stones (quivered)
Press: ? - help, Shift-Dir - straight line, f - adder
Aim: an adder You shoot a stone.
The stone closely misses the adder.
The adder bites you but does no damage. You block the adder's attack.
a - a +0 whip (weapon)
The adder bites you.
You miss the adder. You block the adder's attack.
You hit the adder but do no damage. The adder barely misses you.
You hit the adder.
The adder is moderately wounded.
You block the adder's attack. The adder barely misses you.
You whack the adder!
The adder is almost dead.
The adder closely misses you.
You closely miss the adder.
The adder is almost dead.
You block the adder's attack.
You hit the adder but do no damage.
The adder is almost dead.
You block the adder's attack.
Your shield and scale mail prevent you from hitting the adder.
The adder is almost dead.
You block the adder's attack.
You hit the adder.
The adder is almost dead.
The adder bites you but does no damage.
You miss the adder.
The adder is almost dead.
The adder bites you but does no damage.
You closely miss the adder.
The adder is almost dead.
You block the adder's attack.
You barely miss the adder.
The adder is almost dead.
The adder closely misses you.
You hit the adder.
You kill the adder!
No target in view!
b - a +0 hunting sling (weapon)
You see here an adder corpse.
You butcher the adder corpse.
B - 12 chunks of flesh {@w0} (gained 1)
An ogre comes into view. It is wielding a giant spiked club.
The ogre shouts!
You hear an angry hiss.
An adder comes into view.
Firing (i - inventory. (/) - cycle)
m - 17 stones (quivered)
Press: ? - help, Shift-Dir - straight line, f - ogre
Aim: an ogre, wielding a giant spiked club You shoot a stone.
The adder hisses angrily.
The stone hits the ogre but does no damage.
An adder comes into view.
Firing (i - inventory. (/) - cycle)
m - 16 stones (quivered)
Press: ? - help, Shift-Dir - straight line, f/p - ogre
Aim: an ogre, wielding a giant spiked club You shoot a stone.
The stone hits the ogre.
The ogre is lightly wounded.
Firing (i - inventory. (/) - cycle)
m - 15 stones (quivered)
Press: ? - help, Shift-Dir - straight line, f/p - ogre
Aim: an ogre, wielding a giant spiked club (lightly wounded)
You shoot a stone. The stone hits the ogre.
The ogre is moderately wounded.
a - a +0 whip (weapon)
Your scale mail prevents you from hitting the ogre.
The ogre is moderately wounded.
You block the ogre's attack.
Your shield and scale mail prevent you from hitting the ogre.
The ogre is moderately wounded.
Your shield and scale mail prevent you from hitting the ogre.
The ogre is moderately wounded.
The adder bites you but does no damage. You block the ogre's attack.
The adder bites you. x2
You hit the ogre.
The ogre is moderately wounded.
You block the adder's attack. x2
You closely miss the ogre.
The ogre is moderately wounded.
The ogre hits you with a giant spiked club!!
Ouch! That really hurt!
* * * LOW HITPOINT WARNING * * *
The adder barely misses you. You block the adder's attack.
A giant cockroach comes into view.
You hit the ogre.
The ogre is heavily wounded.
The adder bites you.
* * * LOW HITPOINT WARNING * * *
The adder bites you but does no damage.
The ogre hits you with a giant spiked club!!
You die...

............### #
..........#...# .. ...
.....######.#.###(# #...
................#s#....
...........#....#(#....
...........#.....(..###.
...........#............
...........#...SOS..####
...........#....@.......
...........#.....(...###
...........######.#..#
...........# .. .#
....... ##. # ...... .#
. ##


You could see an ogre, 2 adders and a giant cockroach.

Vanquished Creatures
  Sigmund (D:2)
  Jessica (D:2)
  Robin (D:3)
  5 adders
  An ooze (D:3)
  4 worms
  A dart slug (D:2)
  3 leopard geckos
  5 orcs
  A ball python (D:1)
  5 bats
  11 goblins
  6 hobgoblins
  4 jackals (D:4)
  3 quokkas
  2 frilled lizards
  3 kobolds
  5 rats
62 creatures vanquished.

Notes
Turn   | Place    | Note
-------+----------+-------------------------------------------
     0 | D:1      | sankara the Gargoyle Fighter began the quest for the Orb.
     0 | D:1      | Reached XP level 1. HP: 14/14 MP: 1/1
   400 | D:1      | Reached XP level 2. HP: 19/19 MP: 2/2
   810 | D:2      | Reached skill level 3 in Maces & Flails
   818 | D:2      | Noticed Sigmund
  1185 | D:2      | Noticed Jessica
  1192 | D:2      | Killed Jessica
  1192 | D:2      | Reached XP level 3. HP: 23/23 MP: 3/3
  1312 | D:2      | Reached skill level 4 in Maces & Flails
  1355 | D:2      | Reached XP level 4. HP: 28/28 MP: 4/4
  1477 | D:2      | Killed Sigmund
  1477 | D:2      | Reached skill level 5 in Maces & Flails
  1477 | D:2      | Reached XP level 5. HP: 27/32 MP: 5/5
  1720 | D:2      | Reached skill level 6 in Maces & Flails
  1757 | D:2      | Reached XP level 6. HP: 34/37 MP: 6/6
  2286 | D:3      | Noticed Robin
  2345 | D:3      | Killed Robin
  3056 | D:4      | HP: 9/37 [adder (1)]
  3056 | D:4      | Mangled by an ogre

Vault maps used:
D:1:      lightli_arrival_boilingwater, serial_bayou_pond_c
D:2:      uniq_sigmund, uniq_jessica
D:3:      cheibrodos_helix_gallery, first_ration, due_unseen_surprise,
          uniq_robin
D:4:      minmay_quantized

Skill      XL: |  1  2  3  4  5 |
---------------+----------------+-----
Maces & Flails | 3 4 5 6 |  6.6
Fighting       | |  3.2
Armour         | |  3.2
Shields        | |  3.2

Action                   |  1- 3 |  4- 6 || total
-------------------------+-------+-------++-------
Melee: Whip              |   107 |   210 ||   317
 Fire: Hunting sling     |       |    45 ||    45
Throw: Stone             |     4 |       ||     4
  Use: Scroll            |       |     3 ||     3
  Eat: Chunk             |     2 |     5 ||     7
Armor: Scale mail        |    36 |    75 ||   111
Dodge: Dodged            |    29 |    51 ||    80
Block: Shield            |    49 |    90 ||   139

Table legend:
 A = Spawn XP
 B = Non-spawn XP
 C = Spawn XP percentage of total XP
 D = Spawn monster count
 E = Non-spawn monster count
 F = Spawn count percentage of total count
 G = Total turns spent on level
                    A         B        C        D         E        F      G
               +---------+---------+-------+---------+---------+-------+---------
         Total |       0 |     445 |   0.0 |       0 |      62 |   0.0 |  3056
               +---------+---------+-------+---------+---------+-------+---------
           D:1 |       0 |      22 |   0.0 |       0 |      11 |   0.0 |  1010
           D:2 |       0 |     311 |   0.0 |       0 |      15 |   0.0 |   888
           D:3 |       0 |      77 |   0.0 |       0 |      28 |   0.0 |   908
           D:4 |       0 |      35 |   0.0 |       0 |       8 |   0.0 |   250
               +---------+---------+-------+---------+---------+-------+---------

Vault maps used:
D:1:      lightli_arrival_boilingwater, serial_bayou_pond_c
D:2:      uniq_sigmund, uniq_jessica
D:3:      cheibrodos_helix_gallery, first_ration, due_unseen_surprise,
          uniq_robin
D:4:      minmay_quantized

Table legend:
 A = Turns spent in this place as a percentage of turns spent in the entire game.
 B = Non-inter-level travel turns spent in this place as a percentage of non-inter-level travel turns spent in the entire game.
 C = Inter-level travel turns spent in this place as a percentage of turns spent in this place.
 D = Turns resting spent in this place as a percentage of non-inter-level travel turns spent in this place.
 E = Turns spent auto-exploring this place as a percentage of non-inter-level travel turns spent in this place.
 F = Non-inter-level travel turns spent in this place divided by the number of levels of this place that you've seen.
                   A       B       C       D       E      F
               +-------+-------+-------+-------+-------+----------------------
         Total | 100.0 | 100.0 |   4.3 |  21.0 |  55.2 | 731.5
       Dungeon | 100.0 | 100.0 |   4.3 |  21.0 |  55.2 | 731.5
               +-------+-------+-------+-------+-------+----------------------

Table legend:
 A = Kills in this place as a percentage of kills in entire the game.
 B = Kills by you in this place as a percentage of kills by you in the entire game.
 C = Kills by friends in this place as a percentage of kills by friends in the entire game.
 D = Other kills in this place as a percentage of other kills in the entire game.
 E = Experience gained in this place as a percentage of experience gained in the entire game.
 F = Experience gained in this place divided by the number of levels of this place that you have seen.
                   A       B       C       D       E      F
               +-------+-------+-------+-------+-------+----------------------
         Total | 100.0 | 100.0 |   N/A |   N/A | 100.0 | 111.2
       Dungeon | 100.0 | 100.0 |   N/A |   N/A | 100.0 | 111.2
               +-------+-------+-------+-------+-------+----------------------
